Map: Acropolis LE

Players

lIlIlIlIIlIl - Winner!

  • Race: Protoss Protoss
  • League: Master
  • Spawn Location: 5:00

Mez

  • Race: Terran Terran
  • League: Master
  • Spawn Location: 11:00

VOD

Have the link to the VOD?

Description

Time

  • Played on: Aug. 1, 2019, 5:06 a.m.
  • Length: 10:23
Show
View Real Time Build Order
Export as new Build Order

lIlIlIlIIlIl Protoss - Winner!

Build Orders: 1 Gate Expand, Phoenix Opening, Blink Stalkers, Chargelot Immortal 

Get SALT Encoding   

  12  0:00  Probe  
  13  0:12  Probe  
  14  0:17  Pylon  
  14  0:24  Probe  
  15  0:32  Probe  
  15  0:37  Gateway  
  15  0:40  Probe  
  16  0:46  Assimilator  
  17  0:51  Probe  
  18  1:03  Probe  
  19  1:15  Probe  
  20  1:25  Nexus  
  20  1:33  Cybernetics Core  
  20  1:35  Probe  
  21  1:40  Assimilator  
  21  1:47  Probe  
  21  1:50  Pylon  
  22  1:59  Probe  
  22  2:00  Adept  
  23  2:11  Probe, Warp Gate  
  26  2:22  Sentry  
  26  2:23  Probe  
  27  2:33  Probe  
  27  2:35  Probe  
  27  2:36  Twilight Council  
  29  2:41  Probe  
  30  2:46  Stalker  
  30  2:47  Probe, Blink  
  34  2:55  Probe, Gateway  
  35  2:59  Probe, Phoenix  
  36  3:07  Probe  
  36  3:11  Probe  
  38  3:19  Probe  
  39  3:24  Probe  
  38  3:31  Probe  
  38  3:33  Robotics Facility  
  39  3:36  Probe  
  39  3:37  Pylon  
  40  3:42  Assimilator  
  40  3:43  Probe  
  40  3:48  Probe  
  42  3:55  Probe  
  42  3:56  Nexus  
  42  4:01  Stalker x2  
  47  4:04  Pylon  
  47  4:06  Probe  
  47  4:08  Probe  
  49  4:18  Probe  
  49  4:20  Probe, Observer  
  49  4:22  Forge  
  52  4:26  Stalker  
  52  4:27  Stalker  
  52  4:30  Probe  
  57  4:32  Probe  
  56  4:43  Shield Battery x2  
  56  4:44  Immortal  
  60  4:52  Stalker  
  60  4:54  Protoss Ground Armor Level 1  
  60  4:56  Pylon  
  62  5:01  Phoenix  
  62  5:05  Probe  
  61  5:10  Stalker  
  61  5:12  Probe x2  
  65  5:19  Stalker  
  67  5:21  Probe  
  67  5:24  Probe  
  69  5:38  Probe x3  
  72  5:48  Pylon  
  72  5:50  Probe x3  
  72  5:53  Immortal, Gateway x2  
  72  5:54  Gateway  
  72  5:55  Gateway  
  79  5:58  Gateway  
  79  6:00  Stalker x2  
  79  6:03  Probe x2  
  85  6:05  Pylon  
  85  6:06  Probe  
  85  6:08  Assimilator  
  85  6:09  Forge  
  86  6:12  Assimilator  
  86  6:13  Templar Archives  
  86  6:14  Assimilator  
  86  6:18  Gateway  
  86  6:20  Probe x2  
  86  6:21  Probe  
  86  6:23  Pylon  
  86  6:25  Protoss Ground Armor Level 2  
  89  6:28  Warp Prism  
  89  6:30  Pylon  
  89  6:32  Probe  
  89  6:33  Probe x2  
  89  6:34  Pylon, Charge  
  94  6:42  Protoss Ground Weapons Level 1  
  94  6:43  Psionic Storm  
  94  6:46  Probe x3  
  97  6:55  Nexus  
  97  7:12  High Templar x2  
  97  7:13  Zealot x4  
  97  7:15  Zealot  
  111  7:17  Zealot  
  111  7:22  Pylon  
  113  7:27  Immortal  
  117  7:33  Pylon  
  117  7:37  Pylon  
  117  7:47  Zealot x8  
  133  7:58  Probe x3  
  134  8:06  Immortal  
  134  8:10  High Templar x2  
  138  8:13  Robotics Bay  
  138  8:14  Probe x3  
  138  8:16  Robotics Facility  
  137  8:22  Zealot x3  
  137  8:23  Zealot x2  
  125  9:00  Colossus x2  
  125  9:06  Stalker  
  125  9:07  Stalker x7  
  141  9:11  Gateway  
  141  9:13  Gateway  
  153  9:35  Zealot x5  
  163  9:43  Pylon x2  
  163  9:45  Pylon  
  163  9:49  Pylon  
  157  10:08  Stalker x8  
Show
View Real Time Build Order
Export as new Build Order

Mez Terran 

Build Orders: Reaper Expand 

Get SALT Encoding   

  12  0:01  SCV  
  13  0:13  SCV  
  14  0:17  Supply Depot  
  14  0:25  SCV  
  15  0:39  SCV, Barracks  
  16  0:44  Refinery  
  16  0:51  SCV  
  17  1:03  SCV  
  18  1:15  SCV  
  19  1:27  Reaper, Orbital Command  
  20  1:45  Command Center  
  20  1:53  SCV  
  21  1:56  Barracks  
  21  2:02  Barracks Reactor  
  21  2:08  SCV  
  22  2:15  Barracks  
  22  2:20  SCV  
  23  2:25  Supply Depot  
  23  2:44  Barracks Tech Lab  
  23  2:46  SCV, Marine x2  
  26  2:59  SCV  
  26  3:01  Orbital Command  
  26  3:04  Marine x2  
  26  3:23  Marine x3  
  26  3:25  Marauder  
  26  3:26  Concussive Shells  
  31  3:30  SCV  
  31  3:31  SCV  
  33  3:39  Engineering Bay, Supply Depot  
  33  3:42  SCV  
  33  3:43  SCV  
  33  3:47  Marine x2  
  33  3:48  Marine, Marauder  
  39  3:54  SCV  
  39  3:55  SCV  
  42  4:04  Supply Depot  
  42  4:06  SCV  
  42  4:07  SCV  
  43  4:10  Stimpack  
  43  4:18  SCV  
  43  4:19  SCV  
  45  4:26  Command Center  
  45  4:30  SCV  
  45  4:31  SCV  
  46  4:43  SCV x2  
  48  4:45  Refinery  
  48  4:47  Factory, Marine x3, Barracks Tech Lab  
  48  4:48  Refinery  
  48  4:55  SCV x2  
  45  5:07  Marine  
  45  5:08  Marine x3  
  45  5:09  SCV x2  
  49  5:19  Terran Infantry Weapons Level 1  
  49  5:20  Supply Depot  
  49  5:23  SCV x2  
  49  5:24  Barracks  
  49  5:25  Combat Shield  
  49  5:26  Barracks  
  51  5:30  Marine x3  
  51  5:31  Marine  
  55  5:40  Orbital Command  
  55  5:43  Starport  
  55  5:44  Refinery, Factory Reactor  
  55  5:47  SCV x2  
  57  5:50  Supply Depot  
  57  5:52  Marine x4  
  61  5:59  SCV x2  
  63  6:06  Orbital Command  
  63  6:10  Marine x2  
  65  6:11  SCV x2  
  65  6:13  Barracks Reactor, Barracks Tech Lab  
  65  6:14  Marauder  
  65  6:15  Marauder  
  71  6:20  Supply Depot  
  71  6:23  SCV x2  
  73  6:30  Marine  
  73  6:31  Medivac x2  
  73  6:32  SCV  
  79  6:35  SCV  
  79  6:37  Armory, Marauder x2  
  79  6:38  Engineering Bay, Marine, Marauder  
  87  6:41  SCV  
  87  6:42  Supply Depot  
  87  6:44  SCV  
  87  6:59  SCV x2  
  87  7:00  Medivac  
  87  7:01  Medivac  
  92  7:06  SCV  
  92  7:08  Factory Reactor  
  93  7:11  SCV  
  93  7:13  SCV  
  93  7:15  Refinery, Barracks x3  
  95  7:16  Marauder x3  
  95  7:17  Marine x3  
  95  7:19  SCV  
  105  7:23  SCV  
  105  7:24  Supply Depot  
  105  7:25  SCV  
  105  7:31  SCV  
  105  7:33  Medivac  
  105  7:35  SCV  
  109  7:38  Missile Turret  
  109  7:41  SCV  
  109  7:43  SCV, Medivac  
  106  7:55  Marine x3  
  106  7:57  Marine x3  
  108  7:59  Marine  
  106  8:13  Marine x2  
  106  8:15  Marine, Marauder x2  
  106  8:17  Marine  
  110  8:22  Factory Reactor  
  110  8:23  Medivac  
  110  8:24  SCV x2  
  110  8:31  Marine x2  
  110  8:33  Marine  
  108  8:35  Marine  
  108  8:37  Marauder  
  108  8:38  SCV x3  
  113  8:43  Barracks x2  
  113  8:45  Barracks  
  113  8:50  SCV  
  113  8:51  Command Center, Ghost Academy  
  113  8:54  Marine x4  
  117  9:06  Supply Depot  
  117  9:07  Supply Depot  
  117  9:08  Viking, Marine, Medivac, Supply Depot x2  
  117  9:09  Marauder  
  124  9:12  Marine  
  125  9:27  Marine x3  
  125  9:30  Marauder  
  120  9:43  Marine x2  
  122  9:45  Marine x3  
  122  9:51  Marauder  
  126  10:01  Marine x2  
  126  10:03  Marine x3  
Tags
 
Add a new tag
Caveats
  • Supply blocks, unpowered buildings, or Contaminate may cause inaccurate times.
  • Supply counts are checked every 10 seconds.